cohdb
Replays
Latest Replays
All Replays
Popular Replays
Top Player Replays
Match Explorer
How It Works
Community
CoH3 Stats
Reddit
Sign in to upload your games and track your stats! →
Sign in with Steam
Match 45440123
Unlisted
Match 45440123
Overview
Messages
Build Orders
End
Kradschützen Motorcycle Team
Panzergrenadier Squad
Panzergrenadier Squad
Panzergrenadier Squad
Construct Light Support Kompanie
2.5-tonne Medical Truck
Fire Support Elements
Selects Armored Support Battlegroup
Selects Salvage Kits
Selects Superior Fire Drills
Veteran Squad Leaders
Panzerjäger Mechanized Group
Panzergrenadier Squad
Construct Panzerarmee Kommand
Selects Panzer Storm
Pak 38 Mechanized Group
Herr Blautier
EPHX_Valkyrion
Esxile
AoL
0
0
Comments
sign in to comment!
No comments posted yet!